TOP OF THE 1ST |
Brockton Rox batting - Pitching for Canton Indians : RHP John Bychyk
|
Pitching: RHP John Bychyk
|
|
Batting: RHB Bob Reichley
|
0-0: Called Strike 0-1: Ground out 5-3 (Groundball, 56, EV 79.4 MPH)
|
Batting: LHB Kenny Jackson
|
0-0: Fly out, F8 (Flyball, 8RD, EV 88.8 MPH)
|
Batting: RHB Ryan Davis
|
0-0: Ball 1-0: Ball 2-0: Foul Ball, location: 2F 2-1: Fly out, F7 (Flyball, 7D, EV 102.5 MPH)
|
Top of the 1st over - 0 runs, 0 hits, 0 errors, 0 left on base; Brockton 0 - Canton 0 |
BOTTOM OF THE 1ST |
Canton Indians batting - Pitching for Brockton Rox : RHP Johnny Lucero
|
Pitching: RHP Johnny Lucero
|
|
Batting: RHB Cruz Castro
|
0-0: Ground out 5-3 (Groundball, 56, EV 84.4 MPH)
|
Batting: LHB Mike Humfleet
|
0-0: Ball 1-0: Ball 2-0: Called Strike 2-1: Ball 3-1: SINGLE (Groundball, 4M, EV 102.5 MPH) (infield hit)
|
Batting: RHB Rob Marti
|
0-0: Called Strike 0-1: Swinging Strike 0-2: Ball 1-2: Fly out, F9 (Line Drive, 89M, EV 93.1 MPH)
|
Batting: RHB Joe Bauer
|
0-0: Called Strike 0-1: Foul Ball, location: 2F 0-2: Foul Ball, location: 2F 0-2: Ball 1-2: Ball Pickoff Throw to First - Error! E1 Mike Humfleet to second 2-2: DOUBLE (Line Drive, 89D, EV 108.8 MPH) Mike Humfleet scores
|
Batting: LHB Jason Kessler
|
0-0: Foul Ball, location: 2F 0-1: Ball 1-1: Ball 2-1: Foul Ball, location: 2F 2-2: Strikes out swinging
|
Bottom of the 1st over - 1 run, 2 hits, 1 error, 1 left on base; Brockton 0 - Canton 1 |
TOP OF THE 2ND |
Brockton Rox batting - Pitching for Canton Indians : RHP John Bychyk
|
Batting: SHB Jose Santiago
|
0-0: SINGLE (Flyball, 3D, EV 89.4 MPH)
|
Batting: RHB Jose Blocker
|
0-0: Called Strike 0-1: Ball 1-1: Fielders Choice at 2nd, 6-4 (Groundball, 56, EV 101.9 MPH)
|
Batting: SHB Mel Gonzalez
|
0-0: Called Strike 0-1: Ball 1-1: Ball 2-1: Ball 3-1: Swinging Strike 3-2: Foul Ball, location: 2F 3-2: Foul Ball, location: 2F 3-2: Strikes out swinging
|
Batting: LHB Alexis Toxqui
|
0-0: Called Strike 0-1: Ball 1-1: Swinging Strike 1-2: Fly out, F9 (Flyball, 9, EV 83.8 MPH)
|
Top of the 2nd over - 0 runs, 1 hit, 0 errors, 1 left on base; Brockton 0 - Canton 1 |
BOTTOM OF THE 2ND |
Canton Indians batting - Pitching for Brockton Rox : RHP Johnny Lucero
|
Batting: RHB Josh Carini
|
0-0: Called Strike 0-1: Ball 1-1: Foul Ball, location: 2F 1-2: Ball 2-2: Strikes out looking
|
Batting: SHB Ryan Donohoe
|
0-0: Called Strike 0-1: Fly out, F7 (Flyball, 7, EV 88.1 MPH)
|
Batting: RHB Ryan Paquette
|
0-0: Called Strike 0-1: Ball 1-1: Ball 2-1: Ball 3-1: Swinging Strike 3-2: Foul Ball, location: 2F 3-2: Foul Ball, location: 2F 3-2: Foul Ball, location: 2F 3-2: Foul Ball, location: 2F 3-2: Foul Ball, location: 2F 3-2: Ground out 5-3 (Groundball, 5, EV 81.2 MPH)
|
Bottom of the 2nd over - 0 runs, 0 hits, 0 errors, 0 left on base; Brockton 0 - Canton 1 |
TOP OF THE 3RD |
Brockton Rox batting - Pitching for Canton Indians : RHP John Bychyk
|
Batting: LHB Darby Starburster
|
0-0: Swinging Strike 0-1: Ball 1-1: Ball 2-1: Foul Ball, location: 2F 2-2: Foul Ball, location: 2F 2-2: Strikes out looking
|
Batting: LHB Isaiah Spitzbarth
|
0-0: Ball 1-0: SINGLE (Groundball, 6D, EV 96.9 MPH)
|
Batting: RHB Bob Reichley
|
0-0: Ball 1-0: Ball 2-0: SINGLE (Groundball, 5S, EV 70.6 MPH) (infield hit) Isaiah Spitzbarth to second
|
Batting: LHB Kenny Jackson
|
0-0: Foul Ball, location: 2F 0-1: Fly out, F8 (Flyball, 78M, EV 85.0 MPH)
|
Batting: RHB Ryan Davis
|
0-0: Ball 1-0: Ball 2-0: Foul Ball, location: 2F 2-1: Foul Ball, location: 2F 2-2: Foul Ball, location: 2F 2-2: Ball 3-2: Base on Balls Isaiah Spitzbarth to third Bob Reichley to second
|
Batting: SHB Jose Santiago
|
0-0: Called Strike 0-1: Foul Ball, location: 2F 0-2: Ball 1-2: Strikes out swinging
|
Top of the 3rd over - 0 runs, 2 hits, 0 errors, 3 left on base; Brockton 0 - Canton 1 |
BOTTOM OF THE 3RD |
Canton Indians batting - Pitching for Brockton Rox : RHP Johnny Lucero
|
Batting: SHB Jose Abreu
|
0-0: Called Strike 0-1: Ball 1-1: Ball 2-1: Called Strike 2-2: Strikes out looking
|
Batting: RHB Cruz Castro
|
0-0: Called Strike 0-1: Called Strike 0-2: Ball 1-2: Ball 2-2: Strikes out swinging
|
Batting: LHB Mike Humfleet
|
0-0: Ground out 6-3 (Groundball, 6, EV 80.0 MPH)
|
Bottom of the 3rd over - 0 runs, 0 hits, 0 errors, 0 left on base; Brockton 0 - Canton 1 |
TOP OF THE 4TH |
Brockton Rox batting - Pitching for Canton Indians : RHP John Bychyk
|
Batting: RHB Jose Blocker
|
0-0: Called Strike 0-1: Foul Ball, location: 2F 0-2: Ball 1-2: Foul Ball, location: 2F 1-2: DOUBLE (Groundball, 5L, EV 95.6 MPH)
|
Batting: SHB Mel Gonzalez
|
0-0: Fly out, F7 (Flyball, 7D, EV 98.1 MPH)
|
Batting: LHB Alexis Toxqui
|
0-0: Called Strike 0-1: Foul Ball, location: 2F 0-2: Fly out, F8 (Line Drive, 8RS, EV 98.1 MPH)
|
Batting: LHB Darby Starburster
|
0-0: Ball 1-0: Called Strike 1-1: Foul Ball, location: 2F 1-2: Strikes out looking
|
Top of the 4th over - 0 runs, 1 hit, 0 errors, 1 left on base; Brockton 0 - Canton 1 |
BOTTOM OF THE 4TH |
Canton Indians batting - Pitching for Brockton Rox : RHP Johnny Lucero
|
Batting: RHB Rob Marti
|
0-0: Foul Ball, location: 2F 0-1: Ball 1-1: Ball 2-1: Ball 3-1: Swinging Strike 3-2: Ground out 4-3 (Groundball, 34, EV 96.9 MPH)
|
Batting: RHB Joe Bauer
|
0-0: Called Strike 0-1: SINGLE (Line Drive, 9LM, EV 91.2 MPH)
|
Batting: LHB Jason Kessler
|
0-0: Ball 1-0: Ball 2-0: Called Strike 2-1: Foul Ball, location: 2F 2-2: 2-RUN HOME RUN (Flyball, 78XD, EV 107.5 MPH), Distance : 416 ft
|
Batting: RHB Josh Carini
|
0-0: Ball 1-0: Fly out, F9 (Line Drive, 89M, EV 92.5 MPH)
|
Batting: SHB Ryan Donohoe
|
0-0: Ball 1-0: Swinging Strike 1-1: Called Strike 1-2: Strikes out looking
|
Bottom of the 4th over - 2 runs, 2 hits, 0 errors, 0 left on base; Brockton 0 - Canton 3 |
TOP OF THE 5TH |
Brockton Rox batting - Pitching for Canton Indians : RHP John Bychyk
|
Batting: LHB Isaiah Spitzbarth
|
0-0: Foul Ball, location: 2F 0-1: Called Strike 0-2: Ball 1-2: Ball 2-2: Ball 3-2: Base on Balls
|
Batting: RHB Bob Reichley
|
0-0: Ball 1-0: Swinging Strike 1-1: SINGLE (Groundball, 6MD, EV 101.9 MPH) Isaiah Spitzbarth to second
|
Batting: LHB Kenny Jackson
|
0-0: Ball 1-0: Foul Ball, location: 2F 1-1: SINGLE (Groundball, 34D, EV 102.5 MPH) Isaiah Spitzbarth to third Bob Reichley to second
|
Batting: RHB Ryan Davis
|
0-0: Called Strike 0-1: Ball 1-1: Ball 2-1: Foul Ball, location: 2F 2-2: Strikes out swinging
|
Batting: SHB Jose Santiago
|
0-0: Ball 1-0: Called Strike 1-1: Swinging Strike 1-2: Fielders Choice at 2nd, 4-6 (Groundball, 34D, EV 83.8 MPH) Isaiah Spitzbarth scores Bob Reichley to third
|
Batting: RHB Jose Blocker
|
0-0: Called Strike 0-1: Swinging Strike 0-2: Foul Ball, location: 2F 0-2: Ball 1-2: Ball 2-2: Strikes out swinging
|
Top of the 5th over - 1 run, 2 hits, 0 errors, 2 left on base; Brockton 1 - Canton 3 |
BOTTOM OF THE 5TH |
Canton Indians batting - Pitching for Brockton Rox : RHP Johnny Lucero
|
Batting: RHB Ryan Paquette
|
0-0: Ball 1-0: Ground out 6-3 (Groundball, 6, EV 103.8 MPH)
|
Batting: SHB Jose Abreu
|
0-0: Ground out 4-3 (Groundball, 4, EV 106.2 MPH)
|
Batting: RHB Cruz Castro
|
0-0: SINGLE (Groundball, 6MD, EV 90.0 MPH) (infield hit)
|
Batting: LHB Mike Humfleet
|
0-0: Called Strike 0-1: SINGLE (Groundball, 6MD, EV 110.0 MPH) Cruz Castro to second
|
Batting: RHB Rob Marti
|
0-0: Swinging Strike 0-1: Called Strike 0-2: Ball 1-2: Ball 2-2: Ball 3-2: Base on Balls Cruz Castro to third Mike Humfleet to second
|
Pitching: LHP Jamie Corbin
|
|
Batting: RHB Joe Bauer
|
0-0: Fielders Choice at 2nd, 6-4 (Groundball, 6, EV 86.2 MPH)
|
Bottom of the 5th over - 0 runs, 2 hits, 0 errors, 3 left on base; Brockton 1 - Canton 3 |
TOP OF THE 6TH |
Brockton Rox batting - Pitching for Canton Indians : RHP John Bychyk
|
Batting: SHB Mel Gonzalez
|
0-0: Ball 1-0: Foul Ball, location: 2F 1-1: Ball 2-1: Ball 3-1: Foul Ball, location: 2F 3-2: Strikes out swinging
|
Batting: LHB Alexis Toxqui
|
0-0: Ball 1-0: Swinging Strike 1-1: Called Strike 1-2: Ground out 4-3 (Groundball, 4, EV 97.5 MPH)
|
Batting: LHB Darby Starburster
|
0-0: Called Strike 0-1: Swinging Strike 0-2: Foul Ball, location: 2F 0-2: Strikes out swinging
|
Top of the 6th over - 0 runs, 0 hits, 0 errors, 0 left on base; Brockton 1 - Canton 3 |
BOTTOM OF THE 6TH |
Canton Indians batting - Pitching for Brockton Rox : LHP Jamie Corbin
|
Batting: SHB Henri Chardon
|
0-0: Swinging Strike 0-1: Called Strike 0-2: Ball 1-2: Ball 2-2: Strikes out looking
|
Batting: RHB Josh Carini
|
0-0: Called Strike 0-1: Called Strike 0-2: Ball 1-2: Ball 2-2: Strikes out swinging
|
Batting: SHB Ryan Donohoe
|
0-0: Fly out, F8 (Line Drive, 8RD, EV 95.6 MPH)
|
Bottom of the 6th over - 0 runs, 0 hits, 0 errors, 0 left on base; Brockton 1 - Canton 3 |
TOP OF THE 7TH |
Brockton Rox batting - Pitching for Canton Indians : RHP John Bychyk
|
Pitching: RHP Abdul-Wadud Mazin
|
|
Now in LF: Aubrey Regimbald
|
|
Batting: LHB Isaiah Spitzbarth
|
0-0: Ball 1-0: Foul Ball, location: 2F 1-1: Ball 2-1: Ball 3-1: Fly out, F7 (Line Drive, 7, EV 105.0 MPH)
|
Batting: RHB Bob Reichley
|
0-0: Ball 1-0: Called Strike 1-1: Foul Ball, location: 2F 1-2: Foul Ball, location: 2F 1-2: Foul Ball, location: 2F 1-2: Strikes out looking
|
Batting: LHB Kenny Jackson
|
0-0: Ball 1-0: Called Strike 1-1: Ball 2-1: Swinging Strike 2-2: Foul Ball, location: 2F 2-2: Strikes out looking
|
Top of the 7th over - 0 runs, 0 hits, 0 errors, 0 left on base; Brockton 1 - Canton 3 |
BOTTOM OF THE 7TH |
Canton Indians batting - Pitching for Brockton Rox : LHP Jamie Corbin
|
Batting: RHB Ryan Paquette
|
0-0: SINGLE (Line Drive, 4D, EV 98.8 MPH)
|
Batting: SHB Jose Abreu
|
0-0: Called Strike 0-1: Foul Ball, location: 2F 0-2: Ball 1-2: Strikes out looking
|
Batting: RHB Cruz Castro
|
0-0: Called Strike 0-1: Ball 1-1: Foul Ball, location: 2F 1-2: Foul Ball, location: 2F 1-2: Foul Ball, location: 2F 1-2: Fly out, F7 (Flyball, 7, EV 88.8 MPH)
|
Pinch Hitting: SHB Brad Larabel
|
0-0: Called Strike 0-1: Ball 1-1: Called Strike 1-2: Ball 2-2: Ball 3-2: Foul Ball, location: 2F 3-2: Foul Ball, location: 2F 3-2: Fly out, F9 (Flyball, 89D, EV 101.2 MPH)
|
Bottom of the 7th over - 0 runs, 1 hit, 0 errors, 1 left on base; Brockton 1 - Canton 3 |
TOP OF THE 8TH |
Brockton Rox batting - Pitching for Canton Indians : RHP Abdul-Wadud Mazin
|
Now in RF: Tom Auld
|
|
Pinch Hitting: LHB Eric Gaugler
|
0-0: Called Strike 0-1: Swinging Strike 0-2: Strikes out swinging
|
Batting: SHB Jose Santiago
|
0-0: Ball 1-0: Ball 2-0: SINGLE (Groundball, 4MD, EV 102.5 MPH)
|
Pinch Hitting: RHB Matt Walker
|
0-0: Ball 1-0: Ball 2-0: Fly out, F7 (Flyball, 78M, EV 83.8 MPH)
|
Batting: SHB Mel Gonzalez
|
0-0: Foul Ball, location: 2F 0-1: Fly out, F9 (Flyball, 9D, EV 86.2 MPH)
|
Top of the 8th over - 0 runs, 1 hit, 0 errors, 1 left on base; Brockton 1 - Canton 3 |
BOTTOM OF THE 8TH |
Canton Indians batting - Pitching for Brockton Rox : LHP Jamie Corbin
|
Now at 1B: Eric McClelland
|
|
Now in LF: Bob Reichley
|
|
Now in CF: Eric Gaugler
|
|
Batting: RHB Rob Marti
|
0-0: Swinging Strike 0-1: Ball 1-1: Fly out, F9 (Flyball, 9, EV 88.8 MPH)
|
Batting: RHB Joe Bauer
|
0-0: Ball 1-0: Ball 2-0: Called Strike 2-1: Swinging Strike 2-2: SOLO HOME RUN (Flyball, 89XD, EV 106.2 MPH), Distance : 424 ft
|
Batting: SHB Henri Chardon
|
0-0: SINGLE (Groundball, 34D, EV 99.4 MPH)
|
Batting: RHB Josh Carini
|
0-0: Ball 1-0: Ball 2-0: Called Strike 2-1: Ball 3-1: Base on Balls Henri Chardon to second
|
Batting: RHB Aubrey Regimbald
|
0-0: Ball 1-0: Called Strike 1-1: Ball 2-1: Swinging Strike 2-2: Strikes out swinging
|
Pitching: LHP Luis Izquierdo
|
|
Batting: RHB Ryan Paquette
|
0-0: Fly out, F9 (Flyball, 9D, EV 92.5 MPH)
|
Bottom of the 8th over - 1 run, 2 hits, 0 errors, 2 left on base; Brockton 1 - Canton 4 |
TOP OF THE 9TH |
Brockton Rox batting - Pitching for Canton Indians : RHP Abdul-Wadud Mazin
|
Pitching: LHP Sam Johnson
|
|
Pinch Hitting: RHB Panam Palmer
|
0-0: Ball 1-0: Ball 2-0: Called Strike 2-1: Called Strike 2-2: Strikes out swinging
|
Pinch Hitting: RHB Wayne Whimster
|
0-0: Swinging Strike 0-1: Called Strike 0-2: Strikes out swinging
|
Batting: RHB Joe Lewis
|
0-0: Ball 1-0: Foul Ball, location: 2F 1-1: Called Strike 1-2: Ball 2-2: Ball 3-2: Strikes out swinging
|
Top of the 9th over - 0 runs, 0 hits, 0 errors, 0 left on base; Brockton 1 - Canton 4 |
|